| TOP OF THE 1ST |
|
Louisville Bats batting - Pitching for Syracuse Chiefs : LHP Mike Tracy
|
|
Pitching: LHP Mike Tracy
|
|
|
Batting: RHB Solange Le Coq
|
0-0: Swinging Strike 0-1: Ball 1-1: Ground out 6-3 (Groundball, 6M, EV 101.9 MPH)
|
|
Batting: SHB Paul Sandoval
|
0-0: Ground out U3 (Groundball, 34S, EV 82.5 MPH)
|
|
Batting: SHB Freddie Farrar
|
0-0: Foul Ball, location: 2F 0-1: Foul Ball, location: 2F 0-2: Foul Ball, location: 2F 0-2: Ball 1-2: Foul Ball, location: 2F 1-2: Ground out 5-3 (Groundball, 56, EV 78.1 MPH)
|
| Top of the 1st over - 0 runs, 0 hits, 0 errors, 0 left on base; Louisville 0 - Syracuse 0 |
| BOTTOM OF THE 1ST |
|
Syracuse Chiefs batting - Pitching for Louisville Bats : LHP Eddie Grape
|
|
Pitching: LHP Eddie Grape
|
|
|
Batting: RHB Nate Dickinson
|
0-0: SINGLE (Groundball, 6MD, EV 107.5 MPH)
|
|
Batting: RHB Dusty Ballard
|
0-0: Grounds into double play, 6-4-3 (Groundball, 6, EV 83.1 MPH)
|
|
Batting: RHB Jim Miske
|
0-0: Swinging Strike 0-1: Swinging Strike 0-2: Ball 1-2: Strikes out swinging
|
| Bottom of the 1st over - 0 runs, 1 hit, 0 errors, 0 left on base; Louisville 0 - Syracuse 0 |
| TOP OF THE 2ND |
|
Louisville Bats batting - Pitching for Syracuse Chiefs : LHP Mike Tracy
|
|
Batting: RHB Chase Briney
|
0-0: Foul Ball, location: 2F 0-1: Called Strike 0-2: Ball 1-2: Ground out 5-3 (Groundball, 5, EV 77.5 MPH)
|
|
Batting: LHB Jake Bill
|
0-0: Swinging Strike 0-1: Swinging Strike 0-2: Ball 1-2: Strikes out swinging
|
|
Batting: LHB Satoru Handa
|
0-0: Ball 1-0: Ground out 4-3 (Groundball, 4, EV 97.5 MPH)
|
| Top of the 2nd over - 0 runs, 0 hits, 0 errors, 0 left on base; Louisville 0 - Syracuse 0 |
| BOTTOM OF THE 2ND |
|
Syracuse Chiefs batting - Pitching for Louisville Bats : LHP Eddie Grape
|
|
Batting: RHB Kevin Wick
|
0-0: Swinging Strike 0-1: Swinging Strike 0-2: Ball 1-2: Ball 2-2: Ball 3-2: Foul Ball, location: 2F 3-2: Strikes out swinging
|
|
Batting: RHB Ryan Hiemer
|
0-0: Ball 1-0: Ball 2-0: Ball 3-0: Base on Balls
|
|
Batting: RHB Rene Montoya
|
0-0: Called Strike 0-1: Ball 1-1: Ball 2-1: Ball 3-1: Foul Ball, location: 2F 3-2: Base on Balls Ryan Hiemer to second
|
|
Batting: RHB Jon Buscher
|
0-0: Called Strike 0-1: Fly out, F8 (Flyball, 89M, EV 82.5 MPH)
|
|
Batting: RHB Ke-yue Hong
|
0-0: Ball 1-0: Ball 2-0: Called Strike 2-1: Called Strike 2-2: Strikes out looking
|
| Bottom of the 2nd over - 0 runs, 0 hits, 0 errors, 2 left on base; Louisville 0 - Syracuse 0 |
| TOP OF THE 3RD |
|
Louisville Bats batting - Pitching for Syracuse Chiefs : LHP Mike Tracy
|
|
Batting: RHB Chris Zamora
|
0-0: Ball 1-0: Called Strike 1-1: Ball 2-1: Ball 3-1: Base on Balls
|
|
Batting: RHB Steve Anderson
|
0-0: Called Strike 0-1: Foul Ball, location: 2F 0-2: Ball 1-2: Fly out, F5 (Popup, 5SF, EV 78.1 MPH)
|
|
Batting: RHB Colin Lord
|
0-0: Grounds into double play, 5-4-3 (Groundball, 56S, EV 85.6 MPH)
|
| Top of the 3rd over - 0 runs, 0 hits, 0 errors, 0 left on base; Louisville 0 - Syracuse 0 |
| BOTTOM OF THE 3RD |
|
Syracuse Chiefs batting - Pitching for Louisville Bats : LHP Eddie Grape
|
|
Batting: LHB Dana McDonald
|
0-0: Ball 1-0: Called Strike 1-1: Ball 2-1: Foul Ball, location: 2F 2-2: Fly out, F9 (Flyball, 9LD, EV 106.9 MPH)
|
|
Batting: RHB Nate Dickinson
|
0-0: Ball 1-0: SINGLE (Groundball, 6MD, EV 95.6 MPH)
|
|
Batting: RHB Dusty Ballard
|
0-0: Ball Nate Dickinson steals 2nd base 1-0: Called Strike 1-1: Called Strike Nate Dickinson steals 3rd base 1-2: Ball 2-2: Foul Ball, location: 2F 2-2: Foul Ball, location: 2F 2-2: Foul Ball, location: 2F 2-2: Ball 3-2: Base on Balls
|
|
Batting: RHB Jim Miske
|
0-0: Ball Dusty Ballard is caught stealing 2nd base 2-4 1-0: Ball Wild Pitch! Nate Dickinson scores 2-0: Swinging Strike 2-1: SINGLE (Groundball, 15S, EV 65.0 MPH) (infield hit)
|
|
Batting: RHB Kevin Wick
|
0-0: Ball 1-0: Ball Jim Miske is caught stealing 2nd base 2-4
|
| Bottom of the 3rd over - 1 run, 2 hits, 0 errors, 0 left on base; Louisville 0 - Syracuse 1 |
| TOP OF THE 4TH |
|
Louisville Bats batting - Pitching for Syracuse Chiefs : LHP Mike Tracy
|
|
Batting: RHB Solange Le Coq
|
0-0: Called Strike 0-1: Ball 1-1: Ball 2-1: Foul Ball, location: 2F 2-2: Foul Ball, location: 2F 2-2: Foul Ball, location: 2F 2-2: TRIPLE (Flyball, 89XD, EV 93.8 MPH)
|
|
Batting: SHB Paul Sandoval
|
0-0: Called Strike 0-1: Ground out 4-3 (Groundball, 4S, EV 61.9 MPH)
|
|
Batting: SHB Freddie Farrar
|
0-0: Foul Ball, location: 2F 0-1: TRIPLE (Line Drive, 9LD, EV 100.0 MPH) Solange Le Coq scores
|
|
Batting: RHB Chase Briney
|
0-0: SINGLE (Groundball, 56D, EV 108.1 MPH) Freddie Farrar scores
|
|
Batting: LHB Jake Bill
|
0-0: Called Strike 0-1: Fielders Choice at 2nd, 4-6 (Groundball, 4MD, EV 108.8 MPH)
|
|
Batting: LHB Satoru Handa
|
0-0: Ball 1-0: Ball 2-0: Swinging Strike 2-1: Swinging Strike 2-2: Foul Ball, location: 2F 2-2: Ball 3-2: Strikes out swinging
|
| Top of the 4th over - 2 runs, 3 hits, 0 errors, 1 left on base; Louisville 2 - Syracuse 1 |
| BOTTOM OF THE 4TH |
|
Syracuse Chiefs batting - Pitching for Louisville Bats : LHP Eddie Grape
|
|
Batting: RHB Kevin Wick
|
0-0: Ball 1-0: Fly out, F3 (Popup, 34, EV 81.2 MPH)
|
|
Batting: RHB Ryan Hiemer
|
0-0: Ball 1-0: Called Strike 1-1: Called Strike 1-2: Ground out 5-3 (Groundball, 5, EV 81.9 MPH)
|
|
Batting: RHB Rene Montoya
|
0-0: Ball 1-0: Fly out, F8 (Flyball, 8LM, EV 89.4 MPH)
|
| Bottom of the 4th over - 0 runs, 0 hits, 0 errors, 0 left on base; Louisville 2 - Syracuse 1 |
| TOP OF THE 5TH |
|
Louisville Bats batting - Pitching for Syracuse Chiefs : LHP Mike Tracy
|
|
Batting: RHB Chris Zamora
|
0-0: DOUBLE (Line Drive, 89D, EV 107.5 MPH)
|
|
Batting: RHB Steve Anderson
|
0-0: Ball 1-0: Called Strike 1-1: Swinging Strike 1-2: Hit by Pitch
|
|
Batting: RHB Colin Lord
|
0-0: Foul Ball, location: 2F 0-1: Swinging Strike 0-2: Strikes out swinging
|
|
Batting: RHB Solange Le Coq
|
0-0: Foul Ball, location: 2F 0-1: Swinging Strike 0-2: Ball 1-2: Strikes out swinging
|
|
Batting: SHB Paul Sandoval
|
0-0: Called Strike 0-1: Ball 1-1: Ground out 5-3 (Groundball, 56S, EV 87.5 MPH)
|
| Top of the 5th over - 0 runs, 1 hit, 0 errors, 2 left on base; Louisville 2 - Syracuse 1 |
| BOTTOM OF THE 5TH |
|
Syracuse Chiefs batting - Pitching for Louisville Bats : LHP Eddie Grape
|
|
Batting: RHB Jon Buscher
|
0-0: Called Strike 0-1: Foul Ball, location: 2F 0-2: Ball 1-2: Ball 2-2: Foul Ball, location: 2F 2-2: Ball 3-2: Foul Ball, location: 2F 3-2: SOLO HOME RUN (Flyball, 7D, EV 98.8 MPH), Distance : 372 ft
|
|
Batting: RHB Ke-yue Hong
|
0-0: Ball 1-0: Ball 2-0: Ball 3-0: Called Strike 3-1: Foul Ball, location: 2F 3-2: Strikes out looking
|
|
Batting: LHB Dana McDonald
|
0-0: Called Strike 0-1: Fly out, F8 (Line Drive, 8RM, EV 94.4 MPH)
|
|
Batting: RHB Nate Dickinson
|
0-0: Called Strike 0-1: Swinging Strike 0-2: Strikes out looking
|
| Bottom of the 5th over - 1 run, 1 hit, 0 errors, 0 left on base; Louisville 2 - Syracuse 2 |
| TOP OF THE 6TH |
|
Louisville Bats batting - Pitching for Syracuse Chiefs : LHP Mike Tracy
|
|
Batting: SHB Freddie Farrar
|
0-0: Foul Ball, location: 2F 0-1: Called Strike 0-2: Ball 1-2: Foul Ball, location: 2F 1-2: Ball 2-2: Ball 3-2: Base on Balls
|
|
Batting: RHB Chase Briney
|
0-0: Ball 1-0: Called Strike 1-1: Fielders Choice at 2nd, 1-6 (Groundball, 34S, EV 75.6 MPH)
|
|
Batting: LHB Jake Bill
|
0-0: Foul Ball, location: 2F 0-1: Called Strike 0-2: Ball 1-2: Grounds out, U3 (Groundball, 3L, EV 92.5 MPH)
|
|
Batting: LHB Satoru Handa
|
0-0: Ball 1-0: Called Strike 1-1: Fly out, F7 (Flyball, 7D, EV 101.2 MPH)
|
| Top of the 6th over - 0 runs, 0 hits, 0 errors, 1 left on base; Louisville 2 - Syracuse 2 |
| BOTTOM OF THE 6TH |
|
Syracuse Chiefs batting - Pitching for Louisville Bats : LHP Eddie Grape
|
|
Batting: RHB Dusty Ballard
|
0-0: Foul Ball, location: 2F 0-1: Ball 1-1: Foul Ball, location: 2F 1-2: TRIPLE (Line Drive, 78XD, EV 103.8 MPH)
|
|
Batting: RHB Jim Miske
|
0-0: Called Strike 0-1: Ball Wild Pitch! Dusty Ballard scores 1-1: Foul Ball, location: 2F 1-2: Strikes out swinging
|
|
Batting: RHB Kevin Wick
|
0-0: Foul Ball, location: 2F 0-1: Ground out 3-1 (Groundball, 34S, EV 81.9 MPH)
|
|
Batting: RHB Ryan Hiemer
|
0-0: Ground out 6-3 (Groundball, 6, EV 85.0 MPH)
|
| Bottom of the 6th over - 1 run, 1 hit, 0 errors, 0 left on base; Louisville 2 - Syracuse 3 |
| TOP OF THE 7TH |
|
Louisville Bats batting - Pitching for Syracuse Chiefs : LHP Mike Tracy
|
|
Now at 1B: Niek de Haan
|
|
|
Batting: RHB Chris Zamora
|
0-0: Called Strike 0-1: Ground out 5-3 (Groundball, 56, EV 95.6 MPH)
|
|
Batting: RHB Steve Anderson
|
0-0: Ground out 6-3 (Groundball, 56, EV 84.4 MPH)
|
|
Batting: RHB Colin Lord
|
0-0: Ball 1-0: Ground out 1-3 (Groundball, 34S, EV 70.6 MPH)
|
| Top of the 7th over - 0 runs, 0 hits, 0 errors, 0 left on base; Louisville 2 - Syracuse 3 |
| BOTTOM OF THE 7TH |
|
Syracuse Chiefs batting - Pitching for Louisville Bats : LHP Eddie Grape
|
|
Pitching: RHP Gwidon Kaminski
|
|
|
Batting: RHB Rene Montoya
|
0-0: Hit by Pitch
|
|
Batting: RHB Jon Buscher
|
0-0: Ball Rene Montoya is caught stealing 2nd base 2-4 1-0: Called Strike 1-1: Ball 2-1: Foul Ball, location: 2F 2-2: Ground out 3-1 (Groundball, 34D, EV 100.6 MPH)
|
|
Batting: RHB Ke-yue Hong
|
0-0: Ball 1-0: Ball 2-0: Ball 3-0: Called Strike 3-1: Foul Ball, location: 2F 3-2: SINGLE (Groundball, 34D, EV 106.2 MPH)
|
|
Batting: LHB Dana McDonald
|
0-0: Ball 1-0: Ground out U3 (Groundball, 3L, EV 100.6 MPH)
|
| Bottom of the 7th over - 0 runs, 1 hit, 0 errors, 1 left on base; Louisville 2 - Syracuse 3 |
| TOP OF THE 8TH |
|
Louisville Bats batting - Pitching for Syracuse Chiefs : LHP Mike Tracy
|
|
Batting: RHB Solange Le Coq
|
0-0: Ball 1-0: Swinging Strike 1-1: Called Strike 1-2: Ball 2-2: Ball 3-2: SINGLE (Groundball, 6, EV 98.8 MPH)
|
|
Batting: SHB Paul Sandoval
|
0-0: Sac Bunt to P - play at first, batter OUT! 1-3 Solange Le Coq to second
|
|
Batting: SHB Freddie Farrar
|
0-0: Ball 1-0: Swinging Strike 1-1: Swinging Strike 1-2: Foul Ball, location: 2F 1-2: Foul Ball, location: 2F 1-2: Ball 2-2: Ground out U3 (Groundball, 34S, EV 83.8 MPH) Solange Le Coq to third
|
|
Pitching: RHP Ruben Nevarel
|
|
|
Batting: RHB Chase Briney
|
0-0: Called Strike 0-1: Called Strike 0-2: Ball Wild Pitch! Solange Le Coq scores 1-2: Ball 2-2: Foul Ball, location: 2F 2-2: Fly out, F7 (Line Drive, 7, EV 110.0 MPH)
|
| Top of the 8th over - 1 run, 1 hit, 0 errors, 0 left on base; Louisville 3 - Syracuse 3 |
| BOTTOM OF THE 8TH |
|
Syracuse Chiefs batting - Pitching for Louisville Bats : RHP Gwidon Kaminski
|
|
Pitching: RHP Tim Beck
|
|
|
Batting: RHB Nate Dickinson
|
0-0: Fly out, F4 (Popup, 34, EV 75.0 MPH)
|
|
Batting: RHB Dusty Ballard
|
0-0: Called Strike 0-1: Ball 1-1: Ball 2-1: Foul Ball, location: 2F 2-2: Strikes out swinging
|
|
Batting: RHB Niek de Haan
|
0-0: Ball 1-0: Foul Ball, location: 2F 1-1: Foul Ball, location: 2F 1-2: Ball 2-2: Ground out 6-3 (Groundball, 6MD, EV 90.6 MPH)
|
| Bottom of the 8th over - 0 runs, 0 hits, 0 errors, 0 left on base; Louisville 3 - Syracuse 3 |
| TOP OF THE 9TH |
|
Louisville Bats batting - Pitching for Syracuse Chiefs : RHP Ruben Nevarel
|
|
Batting: LHB Jake Bill
|
0-0: Swinging Strike 0-1: Ball 1-1: Foul Ball, location: 2F 1-2: Strikes out swinging
|
|
Batting: LHB Satoru Handa
|
0-0: Called Strike 0-1: Ball 1-1: Foul Ball, location: 2F 1-2: Foul Ball, location: 2F 1-2: Fly out, F2 (Popup, 5SF, EV 88.1 MPH)
|
|
Batting: RHB Chris Zamora
|
0-0: Foul Ball, location: 2F 0-1: Ball 1-1: Ball 2-1: Called Strike 2-2: Strikes out swinging
|
| Top of the 9th over - 0 runs, 0 hits, 0 errors, 0 left on base; Louisville 3 - Syracuse 3 |
| BOTTOM OF THE 9TH |
|
Syracuse Chiefs batting - Pitching for Louisville Bats : RHP Tim Beck
|
|
Pitching: LHP Jose Estrada
|
|
|
Batting: RHB Kevin Wick
|
0-0: Swinging Strike 0-1: TRIPLE (Flyball, 89XD, EV 97.5 MPH)
|
|
Batting: RHB Ryan Hiemer
|
0-0: Called Strike 0-1: Ball 1-1: Ball 2-1: Ball 3-1: Base on Balls
|
|
Batting: RHB Rene Montoya
|
0-0: Swinging Strike 0-1: Fielders Choice at home, 6-2 (Groundball, 6, EV 102.5 MPH) Ryan Hiemer to second
|
|
Batting: RHB Jon Buscher
|
0-0: Foul Ball, location: 2F 0-1: Swinging Strike 0-2: SINGLE (Groundball, 56D, EV 102.5 MPH) Ryan Hiemer to third Rene Montoya to second Runner from 3rd tries for Home, SAFE, throw by LF to home
|
| Bottom of the 9th over - 1 run, 2 hits, 0 errors, 2 left on base; Louisville 3 - Syracuse 4 |
|